 Dungeon Sprint DCSS version 0.23-a0-650-ga4d50d4 (webtiles) character file.

23286 Leeroy the Barachian Blade (level 13, -3/79 HPs)
             Began as a Barachi Ice Elementalist on Jan 4, 2019.
             Was the Champion of Qazlal.
             Killed from afar by a storm dragon (9 damage)
             ... with a bolt of lightning
             ... in the Dungeon (Sprint V: "Ziggurat Sprint").
             The game lasted 00:17:56 (2016 turns).

Leeroy the Barachian Blade (BaIE)                   Turns: 2016, Time: 00:17:56

Health: -3/79      AC: 34    Str: 20    XL:     13   Next: 5%
Magic:  32/32      EV:  3    Int: 20    God:    Qazlal [******]
Gold:   0          SH: 33    Dex: 14    Spells: 2/16 levels left

rFire    . . .     SeeInvis +   H - +7 Screaming Sword {slice, sonic wave}
rCold    . . .     Gourm    .   P - +18 shield of the Gong {rElec rN+ MR+ EV-5}
rNeg     + . .     Faith    .   O - +15 Maxwell's patent armour {-Cast -Tele rElec MR+ rCorr}
rPois    .         Spirit   .   (helmet restricted)
rElec    +         Reflect  .   (no cloak)
rCorr    +         Harm     .   (no gloves)
MR       ++...     NoTele   +   a - +0 pair of boots {Stlth+} Stlth ..........NoCast +
                                v - amulet "Ystraot" {RegenMP Str+3 SInv}
HPRegen  0.23/turn              T - ring "Afasinum" {MP+9 Str+2}
MPRegen  0.48/turn              y - +6 ring of strength

@: protected from electricity, can't hop, invisible, repel missiles, slow
A: +LOS, swims, horns 1, slowness 1, strong legs 2
a: Hop, Upheaval, Elemental Force, Disaster Area, Renounce Religion


You were in the Dungeon.
You worshipped Qazlal.
Qazlal was exalted by your worship.
You were hungry.

You visited 1 branch

Inventory:

Hand Weapons
 l - the +10 long sword "Uloim" {holy, +Blink Str-2 Int+10 SInv}
   (You took it off a draconian in the Dungeon)

   It has been blessed by the Shining One to cause great damage to the undead
   and demons.
   It affects your strength (-2).
   It affects your intelligence (+10).
   It lets you see invisible.
   It lets you blink.
 H - the +7 Screaming Sword (weapon) {slice, sonic wave}
   (You found it in the Dungeon)

   It inflicts extra damage upon your enemies.
 I - the +11 plutonium sword {*Contam Stlth-}
   (You found it in the Dungeon)

   It causes magical contamination when unequipped.
   It makes you less stealthy.
 J - the +9 sword of Zonguldrok {reap}
   (You found it in the Dungeon)

   If a monster killed with it leaves a corpse in good enough shape, the corpse
   will be animated as a zombie friendly to the killer.
 L - a +5 triple sword of freezing
 R - the +12 Vampire's Tooth {vamp}
   (You found it in the Dungeon)

   It inflicts no extra harm, but heals its wielder when it wounds a living foe.
 S - the +9 rapier "Jenunus" {holy, rPois}
   (You found it in the Dungeon)

   It has been blessed by the Shining One to cause great damage to the undead
   and demons.
   It protects you from poison.
 U - the +4 mace of Guocu {drain, MR+}
   (You found it in the Dungeon)

   A truly terrible weapon, it drains the life of those it strikes.
   It affects your resistance to hostile enchantments.
 V - a +5 blowgun
 W - a +3 falchion of flaming
Armour
 a - a +0 pair of boots of stealth (worn)
 M - +5 fire dragon scales
 N - +5 ice dragon scales
 O - the +15 Maxwell's patent armour (worn) {-Cast -Tele rElec MR+ rCorr}
   (You found it in the Dungeon)

   It insulates you from electricity.
   It affects your resistance to hostile enchantments.
   It prevents spellcasting.
   It prevents most forms of teleportation.
   It provides partial protection from all sources of acid and corrosion.
 P - the +18 shield of the Gong (worn) {rElec rN+ MR+ EV-5}
   (You found it in the Dungeon)

   It affects your evasion (-5).
   It insulates you from electricity.
   It protects you from negative energy.
   It affects your resistance to hostile enchantments.
Magical Staves
 D - an uncursed staff of energy
Jewellery
 u - an uncursed ring of protection from fire
 v - the amulet "Ystraot" (around neck) {RegenMP Str+3 SInv}
   (You found it in the Dungeon)

   [amulet of magic regeneration]

   It increases your magic regeneration.
   It affects your strength (+3).
   It lets you see invisible.
 w - the ring "Xerar" {EV+4 Str+4}
   (You found it in the Dungeon)

   [ring of evasion]

   It affects your evasion (+4).
   It affects your strength (+4).
 x - a +6 ring of intelligence
 y - a +6 ring of strength (right hand)
 z - a +6 ring of strength
 F - an uncursed ring of flight
 T - the ring "Afasinum" (left hand) {MP+9 Str+2}
   (You found it in the Dungeon)

   [ring of magical power]

   It affects your strength (+2).
   It affects your magic capacity (+9).
 Y - an uncursed ring of protection from fire
Wands
 A - a wand of disintegration (7)
 B - a wand of iceblast (7)
 C - a wand of acid (7)
Scrolls
 i - 4 scrolls of blinking
 o - 4 scrolls of amnesia
 p - 7 scrolls of fog
 q - 4 scrolls of enchant weapon
 s - 5 scrolls of remove curse
 t - 2 scrolls of fear
Potions
 b - 2 potions of brilliance
 d - 10 potions of curing
 f - 6 potions of haste
 g - 7 potions of magic
 h - 3 potions of berserk rage
 j - a potion of invisibility
 k - 4 potions of resistance
 m - 5 potions of agility
 n - 5 potions of might
Miscellaneous
 r - a phantom mirror
 E - a crystal ball of energy
 G - a lightning rod (4/4)
 K - 2 sacks of spiders
 Q - 2 boxes of beasts
 X - a phial of floods
 Z - a lamp of fire
Comestibles
 c - 6 rations


   Skills:
 - Level 25.1 Long Blades
 - Level 17.5 Armour
 * Level 9.0 Dodging
 - Level 1.7 Stealth
 - Level 2.1 Spellcasting
 - Level 10.4 Conjurations
 - Level 3.5 Translocations
 - Level 3.6 Ice Magic
 * Level 14.2 Invocations


You had 2 spell levels left.
You knew the following spells:

 Your Spells              Type           Power        Failure   Level  Hunger
a - Freeze                Ice            ###.         92%         1    #......
b - Throw Icicle          Conj/Ice       ####....     99%         4    #####..
c - Force Lance           Conj/Tloc      ####....     99%         4    #####..
d - Blink                 Tloc           N/A          98%         2    ##.....
e - Dazzling Spray        Conj/Hex       ###...       98%         3    ###....

Your spell library contained the following spells:

 Spells                   Type           Power        Failure   Level  Hunger
 Magic Dart               Conj           ####         14%         1    #......
 Throw Frost              Conj/Ice       ####..       65%         2    ##.....
 Shock                    Conj/Air       ###.         77%         1    #......
 Apportation              Tloc           ###...       94%         1    #......
 Animate Skeleton         Necr           N/A          100%        1    #......
 Corona                   Hex            #......      100%        1    #......
 Pain                     Necr           #...         100%        1    #......
 Summon Butterflies       Summ           #.......     100%        1    #......
 Call Imp                 Summ           #.......     100%        2    ##.....
 Ensorcelled Hibernation  Hex/Ice        #.....       100%        2    ##.....
 Poisonous Vapours        Pois/Air       #.....       100%        2    ##.....
 Slow                     Hex            #.......     100%        2    ##.....
 Swiftness                Chrm/Air       #.......     100%        2    ##.....
 Conjure Flame            Conj/Fire      ###.....     98%         3    ###....
 Confuse                  Hex            #.......     100%        3    ###....
 Gell's Gravitas          Tloc           ###.......   100%        3    ###....
 Lesser Beckoning         Tloc           ###.......   100%        3    ###....
 Mephitic Cloud           Conj/Pois/Air  ###.....     100%        3    ###....
 Ozocubu's Armour         Chrm/Ice       #.......     100%        3    ###....
 Portal Projectile        Hex/Tloc       #.....       100%        3    ###....
 Recall                   Summ/Tloc      N/A          100%        3    ###....
 Regeneration             Chrm/Necr      #.........   100%        3    ###....
 Tukima's Dance           Hex            #.......     100%        3    ###....
 Vampiric Draining        Necr           #.........   100%        3    ###....
 Animate Dead             Necr           N/A          100%        4    #####..
 Summon Ice Beast         Ice/Summ       #.......     100%        4    #####..
 Alistair's Intoxication  Tmut/Pois      #.......     100%        5    ######.
 Aura of Abjuration       Summ           #.........   100%        5    ######.
 Borgnjor's Vile Clutch   Necr/Erth      #.........   100%        5    ######.
 Summon Demon             Summ           #.........   100%        5    ######.
 Summon Forest            Summ/Tloc      #.........   100%        5    ######.
 Summon Mana Viper        Hex/Summ       #.......     100%        5    ######.
 Venom Bolt               Conj/Pois      ###.......   100%        5    ######.
 Conjure Ball Lightning   Conj/Air       ###.......   100%        6    #######
 Death Channel            Necr           #.........   100%        6    #######
 Deflect Missiles         Chrm/Air       #.........   100%        6    #######
 Dispersal                Tloc           ###.......   100%        6    #######
 Freezing Cloud           Conj/Ice/Air   ###.......   100%        6    #######
 Invisibility             Hex            #.......     100%        6    #######
 Shadow Creatures         Summ           N/A          100%        6    #######
 Simulacrum               Ice/Necr       #.........   100%        6    #######
 Statue Form              Tmut/Erth      #........    100%        6    #######
 Controlled Blink         Tloc           N/A          100%        8    #######
 Disjunction              Tloc           ###.......   100%        8    #######


Dungeon Overview and Level Annotations

Branches:
Dungeon (1/1)

Altars:
Ashenzari
Cheibriados
Dithmenos
Elyvilon
Fedhas
Gozag
Hepliaklqana
Kikubaaqudgha
Makhleb
Nemelex Xobeh
Okawaru
Qazlal
Ru
Sif Muna
Trog
Uskayaw
Vehumet
Wu Jian
Xom
Yredelemnul
Zin
The Shining One
Beogh
Jiyva
Lugonu

Annotations:
D 1 transporter


Innate Abilities, Weirdness & Mutations

Shadows flee at your approach. (+LOS)
You can swim through water.
You cover ground slowly.
You can hop long distances.
You have a pair of small horns on your head.


Message History

The bolt of lightning hits the storm dragon.
The storm dragon completely resists.
The bolt of lightning hits the air elemental.
The air elemental completely resists.
Unknown command.
Unknown command.
Unknown command.
Unknown command.
Unknown command.
Unknown command.
Unknown command.
Unknown command.
Unknown command.
Unknown command.
You fade into invisibility!
The storm dragon breathes lightning at you.
The bolt of lightning hits the storm dragon.
The storm dragon completely resists.
The bolt of lightning hits you! You resist.
You die...

▓..|.[...▓...)[.
▓...|....▓..}...
▓▓▓▓▓▓▓▓▓▓........▓......
..8©8....▓........▓......
▓..").:}!=..▓.▓.)..▓.▓.▓....
▓...|=:[:|kk▓...©....▓...©..
▓........☼D§▓▓▓▓▓▓▓▓▓▓▓▓▓▓▓▓
▓.........DD▓...8©8...▓..8©8
▓.........D@▓..}[[....▓...|)
▓.......i.E○▓...)}....▓....|
..▓....D▓°.▓.........▓.....
▓.▓...▓.▓.▓.........▓.....
▓..▓.....▓..▓...).....▓.....
▓.....©..§..▓....))...▓.....
▓▓▓▓▓▓▓▓▓▓▓▓▓.▓.....▓.▓.....
▓....8©8..≈.▓....©....▓..†©.
▓≈.≈}:)≈[≈≈.▓▓▓▓▓▓▓▓▓▓▓▓▓▓▓▓


You could see 5 storm dragons, 2 wind drakes, a spriggan air mage and an air
elemental.

Vanquished Creatures
  A lich (D)
  A tentacled starspawn (D)
  4 spriggan defenders (D)
  A merfolk impaler (D)
  2 spriggan air magi (D)
  A death scarab (D)
  2 satyrs (D)
  2 sea snakes (D)
  A spriggan druid (D)
  A cyclops (D)
  A wolf spider (D)
  2 draconians (D)
  A shining eye (D)
  A manticore (D)
  A merfolk siren (D)
  A water nymph (D)
  2 eyes of devastation (D)
  A smoke demon (D)
  A komodo dragon (D)
  A guardian mummy (D)
  A dryad (D)
  2 merfolk (D)
  2 wind drakes (D)
  A large abomination (D)
  2 slime creatures (D)
  A hornet (D)
  A snapping turtle (D)
  A flying skull (D)
  5 air elementals (D)
  4 spriggans (D)
  A golden eye (D)
  2 neqoxecs (D)
  A basilisk (D)
  2 insubstantial wisps (D)
  A floating eye (D)
  3 ice beasts (D)
  A porcupine (D)
  3 black bears (D)
  3 wolves (D)
  2 bullfrogs (D)
  A crimson imp (D)
  An iron imp (D)
  2 quasits (D)
  2 jellies (D)
  An iguana (D)
  4 mummies (D)
  3 river rats (D)
  A shadow imp (D)
  A white imp (D)
  An ufetubus (D)
  A jackal (D)
  A leopard gecko simulacrum (D)
  A leopard gecko skeleton (D)
  A quokka zombie (D)
  2 butterflies (D)
90 creatures vanquished.

Vanquished Creatures (others)
  2 insubstantial wisps (D)
2 creatures vanquished.

Grand Total: 92 creatures vanquished

Notes
Turn   | Place    | Note
-------+----------+-------------------------------------------
     0 | D        | Found the +6 Majin-Bo {vamp, Archmagi MP+6 Int+6}
     0 | D        | Found the +7 great mace "Firestarter" {inner flame, rF++}
     0 | D        | Leeroy the Barachi Ice Elementalist began the quest for the
                  | Orb.
     0 | D        | Reached XP level 1. HP: 13/13 MP: 3/3
     0 | D        | Found a transporter.
     0 | D        | Found an ancient bone altar of Kikubaaqudgha.
     0 | D        | Found a viscous altar of Jiyva.
     0 | D        | Found a corrupted altar of Lugonu.
     0 | D        | Found a hazy altar of Hepliaklqana.
     0 | D        | Found a burning altar of Makhleb.
     0 | D        | Found an opulent altar of Gozag.
    23 | D        | Found the +6 shillelagh "Devastator" {shatter}
    23 | D        | Found the +11 plutonium sword {*Contam Stlth-}
    23 | D        | Found the +8 lance "Wyrmbane" {slay drac, rPois rF+ rC+
                  | AC+3}
    23 | D        | Found the +9 sword of Zonguldrok {reap}
    23 | D        | Found the cursed +13 scythe of Curses {drain, *Curse}
    23 | D        | Found the +0 sword of Power
    23 | D        | Found the +7 mace of Variability {chain chaos}
    23 | D        | Found the +7 Singing Sword {slice, sonic wave}
    23 | D        | Found the +7 longbow "Piercer" {penet, EV-2}
    25 | D        | Found the +9 heavy crossbow "Sniper" {velocity, Acc+∞ SInv}
    25 | D        | Found the +10 dark maul {crush}
    25 | D        | Found the +15 Maxwell's patent armour {-Cast -Tele rElec
                  | MR+ rCorr}
    25 | D        | Found the +18 shield of the Gong {rElec rN+ MR+ EV-5}
    25 | D        | Found the cursed +14 obsidian axe {chop, +Fly SInv *Curse}
    68 | D        | Became a worshipper of Qazlal Stormbringer
    74 | D        | Reached skill level 8 in Long Blades
    74 | D        | Reached XP level 2. HP: 19/19 MP: 5/5
    77 | D        | Entered arena 2.
    77 | D        | Noticed a draconian
    77 | D        | Noticed a draconian
    77 | D        | Found a transporter.
    78 | D        | Identified the +10 long sword "Uloim" {holy, +Blink Str-2
                  | Int+10 SInv}
    86 | D        | Killed a draconian
    86 | D        | Reached skill level 16 in Long Blades
    86 | D        | Reached XP level 3. HP: 14/24 MP: 6/6
    86 | D        | Reached XP level 4. HP: 17/30 MP: 7/7
    86 | D        | Reached XP level 5. HP: 20/35 MP: 8/8
    86 | D        | Reached XP level 6. HP: 24/41 MP: 9/9
   108 | D        | Killed a draconian
   108 | D        | Reached skill level 18 in Long Blades
   108 | D        | Reached XP level 7. HP: 29/46 MP: 10/10
   286 | D        | Entered arena 3.
   286 | D        | Found a transporter.
   289 | D        | Reached * piety under Qazlal
   291 | D        | Reached skill level 1 in Invocations
   295 | D        | Reached ** piety under Qazlal
   305 | D        | Entered arena 4.
   305 | D        | Found a transporter.
   313 | D        | Reached XP level 8. HP: 52/52 MP: 11/11
   320 | D        | Got the +9 rapier "Jenunus" {holy, rPois}
   322 | D        | Got the ring "Afasinum" {MP+9 Str+2}
   326 | D        | Got the +4 mace of Guocu {drain, MR+}
   387 | D        | Entered arena 5.
   387 | D        | Noticed a spriggan
   387 | D        | Found a transporter.
   389 | D        | Killed a spriggan
   389 | D        | Reached *** piety under Qazlal
   389 | D        | Reached skill level 1 in Armour
   394 | D        | Reached skill level 5 in Invocations
   405 | D        | Entered arena 6.
   405 | D        | Found a transporter.
   406 | D        | Reached **** piety under Qazlal
   408 | D        | Reached skill level 19 in Long Blades
   435 | D        | Entered arena 7.
   435 | D        | Noticed a komodo dragon
   435 | D        | Found a transporter.
   439 | D        | Reached ***** piety under Qazlal
   439 | D        | Reached XP level 9. HP: 57/57 MP: 14/14
   446 | D        | Killed a komodo dragon
   457 | D        | Reached skill level 20 in Long Blades
   478 | D        | Learned a level 4 spell: Throw Icicle
   483 | D        | Learned a level 4 spell: Force Lance
   582 | D        | Entered arena 8.
   582 | D        | Noticed a wind drake
   582 | D        | Found a transporter.
   583 | D        | Found the +12 Vampire's Tooth {vamp}
   589 | D        | Killed a wind drake
   597 | D        | Reached ****** piety under Qazlal
   597 | D        | Reached skill level 5 in Armour
   841 | D        | Entered arena 9.
   841 | D        | Noticed a spriggan druid
   841 | D        | Noticed a spriggan rider
   841 | D        | Found a transporter.
   844 | D        | Killed a spriggan druid
   844 | D        | Reached XP level 10. HP: 63/63 MP: 16/16
   846 | D        | Reached skill level 5 in Conjurations
   849 | D        | Reached skill level 21 in Long Blades
   924 | D        | Entered arena 10.
   924 | D        | Noticed a death scarab
   924 | D        | Found a transporter.
   935 | D        | Killed a death scarab
   948 | D        | Got Keim's Handbook of Cheese
   952 | D        | Learned a level 2 spell: Blink
   963 | D        | Entered arena 11.
   963 | D        | Noticed a shining eye
   963 | D        | Noticed an eye of devastation
   963 | D        | Noticed an eye of devastation
   963 | D        | Found a transporter.
   965 | D        | Reached skill level 10 in Invocations
   966 | D        | Gained mutation: You have a pair of small horns on your
                  | head. [a shining eye]
   967 | D        | Killed an eye of devastation
   967 | D        | Killed an eye of devastation
   969 | D        | Paralysed by a floating eye for 3 turns
   970 | D        | Reached skill level 22 in Long Blades
   976 | D        | Killed a shining eye
   976 | D        | Reached skill level 10 in Armour
   976 | D        | Reached XP level 11. HP: 52/68 MP: 16/18
  1015 | D        | Entered arena 12.
  1015 | D        | Noticed a lich
  1015 | D        | Noticed a tentacled starspawn
  1016 | D        | Found a transporter.
  1021 | D        | Killed a tentacled starspawn
  1024 | D        | Reached skill level 23 in Long Blades
  1040 | D        | HP: 3/68 [freezing wraith[a lich] (12)]
  1043 | D        | Killed a lich
  1043 | D        | Reached skill level 10 in Conjurations
  1059 | D        | Learned a level 3 spell: Dazzling Spray
  1366 | D        | Entered arena 13.
  1366 | D        | Noticed a spriggan air mage
  1366 | D        | Noticed a spriggan defender
  1366 | D        | Noticed a spriggan defender
  1366 | D        | Noticed a spriggan air mage
  1366 | D        | Noticed a spriggan defender
  1366 | D        | Noticed a spriggan defender
  1366 | D        | Noticed a wolf spider
  1366 | D        | Noticed a satyr
  1367 | D        | Found a transporter.
  1369 | D        | Killed a wolf spider
  1369 | D        | Reached skill level 1 in Translocations
  1370 | D        | Killed a spriggan defender
  1370 | D        | Reached XP level 12. HP: 64/74 MP: 16/20
  1374 | D        | Killed a spriggan air mage
  1374 | D        | Reached skill level 24 in Long Blades
  1374 | D        | Reached skill level 15 in Armour
  1375 | D        | Killed a spriggan defender
  1377 | D        | Killed a spriggan defender
  1378 | D        | Killed a spriggan air mage
  1384 | D        | Killed a satyr
  1388 | D        | Killed a spriggan defender
  1388 | D        | Reached skill level 5 in Dodging
  1416 | D        | Got the ring "Xerar" {EV+4 Str+4}
  1420 | D        | Got the amulet "Ystraot" {RegenMP Str+3 SInv}
  1666 | D        | Entered arena 14.
  1666 | D        | Noticed a satyr
  1666 | D        | Noticed a merfolk impaler
  1667 | D        | Identified the +1 ring mail "Myenoc" {Dex+3 Stlth+}
  1677 | D        | Killed a merfolk impaler
  1677 | D        | Reached skill level 25 in Long Blades
  1693 | D        | Killed a satyr
  1693 | D        | Gained mutation: You can hop long distances. [Barachi
                  | growth]
  1693 | D        | Reached XP level 13. HP: 32/79 MP: 23/23
  1694 | D        | Found a transporter.
  1728 | D        | Got Pup Met's Volume of the Destructive Rocks
  2007 | D        | Entered arena 15.
  2007 | D        | Noticed a storm dragon
  2007 | D        | Noticed a storm dragon
  2007 | D        | Noticed a storm dragon
  2007 | D        | Noticed a storm dragon
  2007 | D        | Noticed a storm dragon
  2010 | D        | Found a transporter.
  2016 | D        | Killed from afar by a storm dragon

Vault maps used:
D:        sprint_v

Skill      XL: |  1  2  3  4  5  6  7  8  9 10 11 12 13 |
---------------+----------------------------------------+-----
Long Blades    | 8 16 18 19 20 22 23 25 | 25.1
Invocations    | 2 6 9 10 11 14 | 14.2
Armour         | 3 6 10 14 17 | 17.5
Conjurations   | 4 8 10 | 10.4
Translocations | 2 3 |  3.5
Dodging        | 8 9 |  9.0
Stealth        | |  1.7
Spellcasting   | |  2.1
Ice Magic      | |  3.6

Action                   |  1- 3 |  4- 6 |  7- 9 | 10-12 | 13-15 || total
-------------------------+-------+-------+-------+-------+-------++-------
Melee: Demon blade       |     5 |    22 |       |       |       ||    27
       Double sword      |       |       |    50 |    73 |     3 ||   126
       Headbutt          |       |       |       |     8 |       ||     8
Invok: Upheaval          |       |       |     1 |     9 |     1 ||    11
 Abil: Hop               |       |       |       |     1 |     1 ||     2
Evoke: Lightning rod     |     4 |       |     5 |     4 |       ||    13
  Use: Potion            |     1 |       |     2 |    11 |     2 ||    16
       Scroll            |       |       |       |     2 |       ||     2
  Eat: Ration            |       |       |       |     1 |       ||     1
Armor: Plate armour      |     1 |     5 |    28 |    80 |     7 ||   121
Dodge: Dodged            |       |       |     3 |     3 |     1 ||     7
       Deflected         |       |       |       |     1 |       ||     1
Block: Shield            |     7 |     8 |    86 |   172 |    12 ||   285

Table legend:
 A = Non-vault XP
 B = Vault XP
 C = Vault XP percentage of total XP
 D = Non-vault monster count
 E = Vault monster count
 F = Vault count percentage of total count
                 A         B        C        D         E       F
            +---------+---------+-------+---------+---------+-------
      Total |     220 |   33036 |  99.3 |       1 |      87 |  98.9
            +---------+---------+-------+---------+---------+-------
          D |     220 |   33036 |  99.3 |       1 |      87 |  98.9
            +---------+---------+-------+---------+---------+-------
